 Dungeon Crawl Stone Soup version 0.31-a0-355-g57cb03d3e8 (webtiles) character file.

Game seed: 5986317126280244497

144 hashsling the Twirler (level 5, -1/32 HPs)
             Began as a Gargoyle Gladiator on July 24, 2023.
             Was an Initiate of Okawaru.
             Slain by Pikel
             ... wielding a +2 whip of freezing
              (3 damage)
             ... on level 4 of the Dungeon.
             The game lasted 00:10:58 (2173 turns).

hashsling the Twirler (Gargoyle Gladiator)          Turns: 2173, Time: 00:10:58

Health: -1/32      AC: 13    Str: 19    XL:     5   Next: 26%
Magic:  5/5        EV: 16    Int:  9    God:    Okawaru [......]
Gold:   52         SH:  0    Dex: 17    Spells: 4/4 levels left

rFire   . . .        a - +0 quarterstaff
rCold   . . .        (shield currently unavailable)
rNeg    + . .        t - +0 scale mail
rPois   ∞            f - +1 helmet
rElec   +            p - +0 cloak
rCorr   .            (no gloves)
SInv    .            (no boots)
Will    .....        (no amulet) Stlth
                     v - +5 ring of evasion
HPRegen 0.25/turn    s - +6 ring of dexterity
MPRegen 0.09/turn

%: no passive effects
@: no status effects
A: sickness immunity, AC +4, negative energy resistance 1, electricity
resistance, torment resistance 1, petrification resistance
a: Renounce Religion


You were on level 4 of the Dungeon.
You worshipped Okawaru.
Okawaru was noncommittal.
You visited 1 branch of the dungeon, and saw 4 of its levels.

You collected 108 gold pieces.
You spent 56 gold pieces at shops.

Inventory:

Hand Weapons
 a - a +0 quarterstaff (weapon)
Missiles
 d - 3 throwing nets
 e - a javelin (quivered)
 n - 21 stones
 r - 5 poisoned darts
Armour
 f - a +1 helmet (worn)
 p - a +0 cloak (worn)
 t - a +0 scale mail (worn)
Jewellery
 i - a ring of protection from cold
 s - a +6 ring of dexterity (right hand)
 v - a +5 ring of evasion (left hand)
 w - a ring of willpower
Scrolls
 c - a scroll of summoning {unknown}
 j - a scroll of revelation {unknown}
 k - 4 scrolls of identify {unknown}
 l - a scroll of vulnerability {unknown}
 m - a scroll of poison {unknown}
 o - a scroll of teleportation {unknown}
 q - a scroll of fear {unknown}
 u - a scroll of enchant armour {unknown}
Potions
 b - a potion of heal wounds
 g - 2 potions of berserk rage {unknown}
 h - a potion of experience {unknown}


   Skills:
 + Level 3.4 Fighting
 + Level 3.9 Staves
 - Level 2.0 Throwing
 + Level 2.3 Armour
 - Level 3.0 Dodging


You had 4 spell levels left.
You didn't know any spells.
Your spell library contained the following spells:

 Spells                   Type           Power      Damage    Failure   Level
 Slow                     Hex            0%         N/A       77%         1
 Poisonous Vapours        Pois/Air       0%         N/A       88%         2
 Confusing Touch          Hex            0%         N/A       98%         3
 Mephitic Cloud           Conj/Pois/Air  0%         N/A       98%         3
 Vampiric Draining        Necr           0%         2d6       98%         3
 Freezing Cloud           Conj/Ice/Air   0%         6-21      100%        5
 Iskenderun's Battlesphe  Conj           0%         2d6       100%        5
 Leda's Unmaking          Conj/Erth      0%         9d1       100%        6
 Spellforged Servitor     Conj/Summ      Unusable   N/A       N/A         7

Dungeon Overview and Level Annotations

Branches:
Dungeon (4/15)
 Temple: D:4-7

Altars:
Okawaru

Shops:
D:3 :[:

Annotations:
D:4 Pikel


Innate Abilities, Weirdness & Mutations

You are immune to sickness and miasma.
Your stone body is resilient. (AC +4)
You are immune to poison.
You resist negative energy. (rN+)
You are resistant to electric shocks. (rElec)
You are resistant to unholy torment.
You are immune to petrification.


Message History

Pikel freezes you. Pikel misses you.
You hit Pikel but do no damage. Pikel barely misses you.
You sock Pikel!
Pikel is lightly wounded.
Pikel hits you with a +2 whip of freezing.
Pikel freezes you.
You closely miss Pikel.
Pikel is lightly wounded.
Pikel hits you but does no damage.
You hit Pikel but do no damage.
Pikel is lightly wounded.
Pikel barely misses you.
You completely miss Pikel.
Pikel is lightly wounded.
Pikel barely misses you.
You hit Pikel.
Pikel is moderately wounded.
Pikel barely misses you.
You barely miss Pikel.
Pikel is moderately wounded.
Pikel misses you. Pikel barely misses you.
You sock Pikel!
Pikel is heavily wounded.
Pikel hits you but does no damage.
You barely miss Pikel.
Pikel is heavily wounded.
Pikel hits you with a +2 whip of freezing!
Pikel freezes you.
You hit Pikel but do no damage.
Pikel is heavily wounded.
Pikel says, "All the lords of Hell know my name!"
Pikel hits you with a +2 whip of freezing.
Pikel freezes you.
* * * LOW HITPOINT WARNING * * *
You hit Pikel but do no damage.
Pikel is heavily wounded.
Pikel hits you with a +2 whip of freezing!
* * * LOW HITPOINT WARNING * * *
Pikel freezes you.
You die...

....##o##########........
. #.# ............... #.#
#######.{....... #.# #..
#......... #.# #.#
#......... #K# #.###
#......... #.# ....
#.o.......
###.###.#####5o.......
#.........@Kg.oo......
#######.######o.......
#.# #........
#.######.#######
#...............
#.###<.......... ###
####.####... .... ..
#.###


You could see Pikel, a lemure, 4 orcs and a hobgoblin.

Vanquished Creatures
  An orc wizard (D:3)
  5 adders
  An ufetubus (D:4)
  2 worms
  5 orcs
  3 ball pythons
  5 endoplasms
  4 giant cockroaches
  4 goblins
  3 hobgoblins
  3 jackals (D:3)
  4 kobolds
  3 quokkas
  7 bats
  2 frilled lizards
  5 rats
57 creatures vanquished.

Notes
Turn   | Place    | Note
-------+----------+-------------------------------------------
     0 | D:1      | hashsling the Gargoyle Gladiator began the quest for the
                  | Orb.
     0 | D:1      | Reached XP level 1. HP: 12/12 MP: 1/1
   157 | D:1      | Reached XP level 2. HP: 18/18 MP: 2/2
   268 | D:1      | Found a faded altar of an unknown god.
   600 | D:2      | Found an iron altar of Okawaru.
   605 | D:2      | Became a worshipper of Warmaster Okawaru
   642 | D:2      | Reached skill level 1 in Armour
   642 | D:2      | Reached XP level 3. HP: 22/22 MP: 3/3
  1378 | D:3      | Reached XP level 4. HP: 6/27 MP: 4/4
  1391 | D:3      | HP: 1/27 [something (4)]
  1464 | D:3      | Found Derrown's Armour Shop.
  1471 | D:3      | Bought a +0 scale mail for 56 gold pieces
  1590 | D:3      | Found Toorentu's Book Boutique.
  1711 | D:3      | Reached XP level 5. HP: 32/32 MP: 5/5
  1806 | D:3      | Found Kuderium's Book Emporium.
  1996 | D:4      | Noticed an ogre
  2007 | D:4      | Noticed an orc warrior
  2108 | D:4      | Noticed Pikel
  2108 | D:4      | Noticed a lemure
  2119 | D:4      | Noticed a lemure
  2150 | D:4      | Noticed a lemure
  2173 | D:4      | Slain by Pikel

Illustrated notes

Levels and vault maps discovered:
D:1:      zaba_arrival_water, layout_rooms, dreamdust_ecumenical_altar_statues,
          minmay_pentomino_o2
D:2:      layout_loops_ring, basic_altar, bh_walls_and_bars
D:3:      layout_loops_cross, serial_shops, shop, shop, nicolae_shop_peninsula,
          minmay_misc_feat_enclosed
D:4:      layout_basic, mainiacjoe_overflow_six_doors_small, uniq_pikel

Skill      XL: |  1  2  3  4 |
---------------+-------------+-----
Throwing       | 2 |  2.0
Armour         | 1 2 |  2.3
Fighting       | 3 |  3.4
Dodging        | 3 |  3.0
Staves         | |  3.9

Action                     |  1- 3 |  4- 6 || total
---------------------------+-------+-------++-------
  Melee: Quarterstaff      |   109 |    90 ||   199
  Throw: Throwing net      |     1 |     1 ||     2
         Javelin           |     1 |     1 ||     2
    Use: Potion            |       |     1 ||     1
   Stab: Held in net/web   |     1 |       ||     1
 Armour: Ring mail         |    59 |    13 ||    72
         Scale mail        |       |    35 ||    35
  Dodge: Dodged            |    50 |    57 ||   107

Table legend: (Time is in decaauts)
 A = Elapsed time spent in this place.
 B = Non-inter-level travel time spent in this place.
 C = Inter-level travel time spent in this place.
 D = Time resting spent in this place.
 E = Time spent auto-exploring this place.
 F = Levels seen in this place.
 G = Mean time per level.
                   A        B        C        D        E       F      G
               +--------+--------+--------+--------+--------+-----+--------+
         Total |   2202 |   2098 |    104 |      0 |   1487 |   4 |  550.5 |
       Dungeon |   2202 |   2098 |    104 |      0 |   1487 |   4 |  550.5 |
               +--------+--------+--------+--------+--------+-----+--------+

Top non-repeatable levels by time:
     D:2: 880 daAuts
     D:3: 766 daAuts
     D:1: 464 daAuts
     D:4: 91 daAuts
